 Dungeon Crawl Stone Soup version 0.28-a0-1184-g53156a8862 (webtiles) character file.

Game seed: 12966241863019075219

110 ytrimaz the Insei (level 4, -9/29 HPs)
             Began as an Octopode Transmuter on Dec 18, 2021.
             Killed by divine providence
             ... invoked by an orc priest
              (15 damage)
             ... on level 3 of the Dungeon.
             The game lasted 00:01:54 (2379 turns).

ytrimaz the Insei (Octopode Transmuter)             Turns: 2379, Time: 00:01:54

Health: -9/29      AC:  2    Str:  9    XL:     4   Next: 91%
Magic:  3/8        EV: 20    Int: 17    God:
Gold:   45         SH:  0    Dex: 17    Spells: 2/8 levels left

rFire   . . .      SeeInvis .     - Unarmed
rCold   . . .      Faith    .   (shield currently unavailable)
rNeg    . . .      Spirit   .   (helmet currently unavailable)
rPois   x          Reflect  .   f - amulet of regeneration
rElec   .          Harm     .   c - ring of wizardry
rCorr   .          Rampage  .   (no ring)
Will    .....                   (no ring)
Stlth   ++........              (no ring)
HPRegen 0.89/turn               (no ring)
MPRegen 0.11/turn               (no ring)
                                (no ring)
                                (no ring)

@: spider-form (expiring), wereblooded
A: venomous fangs, almost no armour, (amphibious), 8 rings, tiny, (camouflage
1), (gelatinous body 1), (nimble swimmer 1), (tentacles)
a: End Transformation


You were on level 3 of the Dungeon.
You were a venomous arachnid creature.
You visited 1 branch of the dungeon, and saw 3 of its levels.

You collected 45 gold pieces.

Inventory:

Jewellery
 c - a ring of wizardry (left front leg)
 f - an amulet of regeneration (around neck)
Scrolls
 a - a scroll of teleportation
 d - a scroll of identify
Potions
 b - a potion of flight
 e - 3 potions of lignification


   Skills:
 * Level 2.3 Fighting
 * Level 2.7 Dodging
 + Level 3.3 Unarmed Combat
 * Level 2.9 Spellcasting
 * Level 2.6 Transmutations


You had 2 spell levels left.
You knew the following spells:

 Your Spells              Type           Power      Damage    Failure   Level
a - Beastly Appendage     Tmut           22%        N/A       7%          1
b - Wereblood             Tmut           11%        N/A       9%          2
c - Spider Form           Tmut/Pois      7%         N/A       24%         3

Your spell library contained the following spells:

 Spells                   Type           Power      Damage    Failure   Level
 Ice Form                 Ice/Tmut       7%         N/A       54%         4
 Conjure Ball Lightning   Conj/Air       1%         3x3d6     100%        6
 Discord                  Hex            1%         N/A       100%        8
 Disjunction              Tloc           1%         N/A       100%        8


Dungeon Overview and Level Annotations

Branches:
Dungeon (3/15)

Altars:
Gozag
Xom


Innate Abilities, Weirdness & Mutations

You are a venomous arachnid creature.
You have poisonous fangs.
You are tiny and dextrous.
Your spellcasting is less reliable in this form.
Your armour is entirely melded.
You are incapable of wielding weapons or throwing items.
You cannot wear most types of armour.
((You are amphibious.))
You can wear up to eight rings at the same time.
((Your skin changes colour to match your surroundings (Stealth+).))
((Your rubbery body absorbs attacks. (AC +1, EV +1)))
((You are camouflaged near water. (Stealth+)))
((You have tentacles for arms and can constrict up to eight enemies at once.))


Message History

Confirm with . or Enter, or press ? or * to list all spells.
The spell is quite dangerous to miscast (12% risk of failure)!
Continue anyway?
Your tentacle spike disappears.
You turn into a venomous arachnid creature.
Unknown command.
Casting: Spider Form (quite dangerous; 24% risk of failure)
Confirm with . or Enter, or press ? or * to list all spells.
Your blood is infused with primal strength.
The orc hits you with a +0 club.
Unknown command.
You hit the orc.
The orc is poisoned.
The orc is moderately wounded.
The orc hits you but does no damage.
The orc priest looks braver for a moment.
An adder comes into view.
You hit the orc.
The orc looks as sick as possible!
The orc is almost dead.
You feel a bit better.
You kill the orc!
The orc priest calls down the wrath of Beogh upon you.
Pain shoots through your body! The orc priest misses you.
Things that are here:
a +0 club; an orc corpse You hit the orc priest but do no damage.
You barely miss the orc priest.
The orc priest invokes the aid of Beogh against you.
Beogh smites you!
You are too injured to fight recklessly!
You barely miss the orc priest.
The orc priest hits you with a +0 dagger.
* * * LOW HITPOINT WARNING * * *
You are too injured to fight recklessly!
You hit the orc priest.
The orc priest is moderately wounded.
Your transformation is almost over.
The orc priest mumbles some strange prayers to Beogh against you.
Beogh smites you!
Ouch! That really hurt!
You die...

. .## ..# #.## #
##..###.## .........
#oo...... #o# #s# #.#
#.# ##############.#
#..............#
#.############........
#.# #.##..[#.
###.######## #.# ..#
............ ... .#


You could see an orc priest and 2 orcs.

Vanquished Creatures
  Natasha (thrice) (D:2)
  An orc (D:3)
  3 endoplasms
  3 goblins
  7 hobgoblins
  4 quokkas
  3 ball pythons
  2 bats (D:2)
  A frilled lizard (D:2)
  2 kobolds
  6 rats
35 creatures vanquished.

Notes
Turn   | Place    | Note
-------+----------+-------------------------------------------
     0 | D:1      | ytrimaz the Octopode Transmuter began the quest for the
                  | Orb.
     0 | D:1      | Reached XP level 1. HP: 13/13 MP: 3/3
   293 | D:1      | Reached XP level 2. HP: 18/18 MP: 3/5
   558 | D:1      | Found a shimmering altar of Xom.
   813 | D:1      | Learned a level 2 spell: Wereblood
  1259 | D:2      | Found an opulent altar of Gozag.
  1365 | D:2      | Reached XP level 3. HP: 23/23 MP: 4/6
  1374 | D:2      | Learned a level 3 spell: Spider Form
  1635 | D:2      | Noticed Natasha
  1642 | D:2      | Killed Natasha
  1725 | D:2      | Found a faded altar of an unknown god.
  1726 | D:2      | Noticed Natasha
  1738 | D:2      | Killed Natasha
  1739 | D:2      | Reached XP level 4. HP: 15/28 MP: 3/8
  2191 | D:2      | Noticed Natasha
  2198 | D:2      | Killed Natasha
  2379 | D:3      | Killed from afar by an orc priest

Illustrated notes

Levels and vault maps discovered:
D:1:      dpeg_arrival_water_altar, layout_basic
D:2:      layout_loops_cross, basic_altar, chequers_ecumenical_altar_island,
          minmay_misc_feat_plants, uniq_natasha
D:3:      layout_basic

Skill      XL: |  1  2  3  4 |
---------------+-------------+-----
Fighting       | 2 |  2.3
Dodging        | |  2.7
Unarmed Combat | |  3.3
Spellcasting   | |  2.9
Transmutations | |  2.6

Action                   |  1- 3 |  4- 6 || total
-------------------------+-------+-------++-------
Melee: Unarmed           |    63 |    17 ||    80
       Constrict         |    16 |       ||    16
       Kick              |    14 |       ||    14
       Tentacles         |    10 |     1 ||    11
       Punch             |     1 |       ||     1
 Cast: Beastly Appendage |    22 |     2 ||    24
       Spider Form       |     2 |     3 ||     5
       Wereblood         |       |     1 ||     1
  Use: Scroll            |     4 |     1 ||     5
 Stab: Sleeping          |     7 |       ||     7
Armor: Skin              |     7 |     2 ||     9
Dodge: Dodged            |    45 |     6 ||    51

Table legend: (Time is in decaauts)
 A = Elapsed time spent in this place.
 B = Non-inter-level travel time spent in this place.
 C = Inter-level travel time spent in this place.
 D = Time resting spent in this place.
 E = Time spent auto-exploring this place.
 F = Levels seen in this place.
 G = Mean time per level.
                   A        B        C        D        E       F      G
               +--------+--------+--------+--------+--------+-----+--------+
         Total |   2407 |   2376 |     31 |    138 |   1875 |   3 |  802.3 |
       Dungeon |   2407 |   2376 |     31 |    138 |   1875 |   3 |  802.3 |
               +--------+--------+--------+--------+--------+-----+--------+

Top non-repeatable levels by time:
     D:2: 1384 daAuts
     D:1: 939 daAuts
     D:3: 83 daAuts
